 Dungeon Crawl Stone Soup version 0.31.0-11-ge490571c62 (webtiles) character file.

Game seed: 10252448709305822738

6179 hawla the Severer (level 10, -5/78 HPs)
             Began as a Minotaur Fighter on Feb 10, 2024.
             Killed from afar by a steam dragon (14 damage)
             ... with a ball of steam
             ... on level 9 of the Dungeon.
             The game lasted 00:13:19 (6945 turns).

hawla the Severer (Minotaur Fighter)                Turns: 6945, Time: 00:13:20

Health: -5/78      AC: 29    Str: 24    XL:     10   Next: 60%
Magic:  9/9        EV: 15    Int:  5    God:
Gold:   641        SH:  5    Dex: 11    Spells: 9/9 levels left

rFire   . . .        a - +1 war axe (protect)
rCold   + . .        c - +0 buckler
rNeg    . . .        E - +0 chain mail
rPois   .            (helmet restricted)
rElec   .            K - +2 cloak
rCorr   .            (no gloves)
SInv    .            H - +2 pair of boots
Will    .....        b - amulet "Vosaak" {Acrobat rC+} Stlth
                     q - +4 ring of protection
HPRegen 0.33/turn    x - +5 ring of evasion
MPRegen 0.11/turn

%: acrobat
@: about to teleport, under a protective aura
A: horns 2, retaliatory headbutt
a: no special abilities


You were on level 9 of the Dungeon.
You visited 1 branch of the dungeon, and saw 9 of its levels.

You collected 641 gold pieces.

Inventory:

Hand Weapons
 a - a +1 war axe of protection (weapon)
Missiles
 k - 21 poisoned darts (quivered)
 s - 2 curare-tipped darts
Armour
 c - a +0 buckler (worn)
 n - +0 swamp dragon scales
 E - a +0 chain mail (worn)
 H - a +2 pair of boots (worn)
 K - a +2 cloak (worn)
Jewellery
 b - the amulet "Vosaak" (around neck) {Acrobat rC+}
   (You acquired it on level 7 of the Dungeon)

   [amulet of the acrobat]

   Acrobat:   It increases your evasion while moving and waiting.
   rC+:       It protects you from cold.
 q - a +4 ring of protection (left hand)
 x - a +5 ring of evasion (right hand)
 y - a ring of magical power
 A - a ring of flight
 C - a ring of willpower
 I - a ring of resist corrosion
Wands
 l - a wand of roots (13)
 r - a wand of digging (5)
Scrolls
 e - 2 scrolls of vulnerability
 g - 3 scrolls of revelation
 h - 5 scrolls of teleportation
 i - 4 scrolls of immolation
 p - 2 scrolls of brand weapon
 v - a scroll of torment
 F - a scroll of butterflies {unknown}
 G - a scroll of noise {unknown}
 J - a scroll of fog {unknown}
Potions
 d - 2 potions of might
 f - 2 potions of curing
 j - a potion of lignification
 m - a potion of cancellation
 o - 2 potions of enlightenment
 t - 5 potions of attraction
 u - a potion of resistance
 w - 2 potions of berserk rage
 z - a potion of degeneration
 D - a potion of invisibility


   Skills:
 - Level 4.0 Fighting
 + Level 15.0 Axes
 - Level 10.0 Armour
 - Level 5.0 Dodging
 - Level 5.0 Shields
 - Level 2.0 Evocations


You had 9 spell levels left.
You didn't know any spells.
Your spell library was empty.

Dungeon Overview and Level Annotations

Branches:
Dungeon (9/15)             Temple (0/1) D:5            Lair (0/5) D:8
    Orc: D:9-12

Altars:
Elyvilon
Hepliaklqana
Sif Muna
Uskayaw
Zin


Innate Abilities, Weirdness & Mutations

You have a pair of horns on your head.
You reflexively headbutt those who attack you in melee.


Message History

You hit the gnoll. You miss the killer bee.
You feel sick.
The killer bee stings you but does no damage.
The gnoll sergeant hits you from afar with a +4 spear of venom.
You are more poisoned.
The gnoll closely misses you. You furiously retaliate!
You headbutt the gnoll!
As you read the scroll of teleportation, it crumbles to dust.
You feel strangely unstable.
You feel very sick. The killer bee misses you.
The killer bee stings you but does no damage.
The gnoll misses you. You furiously retaliate!
You headbutt the gnoll!
You kill the gnoll!
The gnoll sergeant hits you from afar with a +4 spear of venom.
You are more poisoned.
A wyvern comes into view.
The troll closely misses you. You furiously retaliate!
You headbutt the troll. The troll claws you but does no damage.
The troll claws you.
You barely miss the troll.
The troll is moderately wounded.
You slash the steam dragon! You closely miss the killer bee.
You feel very sick. The killer bee stings you.
* * * LOW HITPOINT WARNING * * *
You are lethally poisoned!
The killer bee poisons you! You block the killer bee's attack.
The steam dragon bites you.
* * * LOW HITPOINT WARNING * * *
The steam dragon claws you.
* * * LOW HITPOINT WARNING * * *
The troll bites you!
* * * LOW HITPOINT WARNING * * *
The troll misses you. The troll claws you but does no damage.
The gnoll sergeant hits you from afar with a +4 spear of venom.
* * * LOW HITPOINT WARNING * * *
You are more poisoned.
You feel better. The killer bee closely misses you.
The killer bee barely misses you. The steam dragon breathes steam at you.
The ball of steam hits you!
You die...

.. .. .. .. ......# ####
......#### ######...###
.........###)...#.....##
...........$....#Dg.....
...........#....@Tk.⌠k..'
...........#....#yS.....
...........######g....##
......)....# ...###
.#.###.....##########
.....+......[...#..
.#.###.....######.. .#.#
#.....# .. .#.# #.....#


You could see a troll, a steam dragon (catching breath), a water moccasin, 2
wyverns, a gnoll sergeant, a killer bee and a gnoll.

Vanquished Creatures
  Pikel (D:8)
  Maggie (D:7)
  A troll (D:9)
  A wraith (D:9)
  3 yaks (D:8)
  A wyvern (D:9)
  2 water moccasins
  3 black bears
  An orc warrior (D:8)
  2 ice beasts
  2 sky beasts
  2 ogres
  5 centaurs
  2 wolves (D:8)
  A lemure (D:8)
  2 phantoms
  3 kobold brigands
  4 bullfrogs
  7 scorpions
  15 wights (D:8)
  5 killer bees (D:8)
  2 howler monkeys
  3 jellies
  3 orc priests
  A hound (D:5)
  7 iguanas
  9 orc wizards
  3 adders
  2 gnolls (D:9)
  A shadow imp (D:6)
  4 ufetubi
  3 ribbon worms
  3 dart slugs
  20 orcs
  8 ball pythons
  3 bats (D:1)
  11 endoplasms
  3 giant cockroaches
  10 goblins
  5 hobgoblins
  2 jackals (D:2)
  14 kobolds
  A quokka (D:2)
  6 frilled lizards
  4 rats
192 creatures vanquished.

Vanquished Creatures (others)
  A centaur (D:9)
  An orc wizard (D:9)
2 creatures vanquished.

Grand Total: 194 creatures vanquished

Notes
Turn   | Place    | Note
-------+----------+-------------------------------------------
     0 | D:1      | hawla the Minotaur Fighter began the quest for the Orb.
     0 | D:1      | Reached XP level 1. HP: 19/19 MP: 0/0
   134 | D:1      | Reached XP level 2. HP: 27/27 MP: 1/1
   192 | D:1      | Reached skill level 1 in Dodging
   594 | D:1      | Reached XP level 3. HP: 33/33 MP: 2/2
  1896 | D:3      | Reached XP level 4. HP: 37/40 MP: 3/3
  2009 | D:3      | Found a white marble altar of Elyvilon.
  2350 | D:3      | Reached skill level 5 in Shields
  2566 | D:4      | Reached XP level 5. HP: 36/46 MP: 4/4
  2709 | D:4      | Noticed a phantom
  2715 | D:4      | Killed a phantom
  2716 | D:4      | Reached skill level 5 in Dodging
  2716 | D:4      | Reached XP level 6. HP: 47/52 MP: 5/5
  3023 | D:5      | Entered Level 5 of the Dungeon
  3034 | D:4      | Reached skill level 5 in Armour
  3250 | D:5      | Reached XP level 7. HP: 59/59 MP: 6/6
  3875 | D:5      | Found a staircase to the Ecumenical Temple.
  3925 | D:5      | Found a glowing silver altar of Zin.
  3928 | D:5      | Found a hazy altar of Hepliaklqana.
  3931 | D:5      | Found a shimmering blue altar of Sif Muna.
  3953 | D:6      | Reached XP level 8. HP: 63/66 MP: 7/7
  4051 | D:6      | Reached skill level 10 in Armour
  4080 | D:6      | Reached skill level 1 in Evocations
  4101 | D:6      | Reached skill level 3 in Axes
  4232 | D:6      | Reached skill level 4 in Axes
  4423 | D:6      | Reached skill level 5 in Axes
  4508 | D:6      | Reached skill level 6 in Axes
  4744 | D:6      | Reached skill level 7 in Axes
  4882 | D:7      | Reached skill level 8 in Axes
  4882 | D:7      | Reached XP level 9. HP: 50/71 MP: 8/8
  4913 | D:7      | Identified a scroll of acquirement
  4913 | D:7      | Acquired the amulet "Vosaak" {Acrobat rC+}
  5112 | D:7      | Reached skill level 9 in Axes
  5306 | D:7      | Noticed Maggie
  5320 | D:7      | Killed Maggie
  5321 | D:7      | Reached skill level 10 in Axes
  5764 | D:8      | Reached skill level 11 in Axes
  5830 | D:8      | Reached skill level 12 in Axes
  6036 | D:8      | Found a staircase to the Lair.
  6084 | D:8      | Found a hide-covered altar of Uskayaw.
  6103 | D:8      | Reached XP level 10. HP: 69/78 MP: 9/9
  6122 | D:8      | Reached skill level 13 in Axes
  6422 | D:8      | Noticed Pikel
  6430 | D:8      | Killed Pikel
  6431 | D:8      | Reached skill level 14 in Axes
  6932 | D:9      | Reached skill level 15 in Axes
  6944 | D:9      | HP: 3/78 [troll (9)]
  6944 | D:9      | HP: 1/78 [gnoll sergeant/+4 spear of venom (2)]
  6945 | D:9      | Killed from afar by a steam dragon

Illustrated notes

Levels and vault maps discovered:
D:1:      scummos_arrival_gate, layout_loops_ring
D:2:      layout_basic, hex_intersection
D:3:      layout_loops_ring, nicolae_elyvilon_peaceful_grove
D:4:      layout_gridville
D:5:      layout_loops_cross, grunt_temple_overflow_diamond, temple_fountains,
          grunt_decor_fettered, serial_library_hellmonk_h_bend,
          minmay_misc_feat_square, minmay_gold_behind_fungi
D:6:      layout_loops_ring, nicolae_twisty_statue_hallways
D:7:      layout_loops_ring, nrook_pool_corridor, uniq_maggie
D:8:      layout_loops_ring, mainiacjoe_overflow_catwalk,
          erik_lair_orcish_takeover, grunt_decor_mini_mirrors,
          amcnicky_mini_pool_small, uniq_pikel
D:9:      layout_basic, serial_shops, nicolae_stop_n_shop_1,
          nicolae_rejected_hall, uniq_erica

Skill      XL: |  1  2  3  4  5  6  7  8  9 10 |
---------------+-------------------------------+-----
Fighting       | 4 |  4.0
Dodging        | 1 2 4 5 |  5.0
Shields        | 4 5 |  5.0
Armour         | 4 6 9 10 | 10.0
Evocations     | 2 |  2.0
Axes           | 8 12 15 | 15.0

Action                     |  1- 3 |  4- 6 |  7- 9 | 10-12 || total
---------------------------+-------+-------+-------+-------++-------
  Melee: War axe           |    96 |    71 |   264 |   126 ||   557
         Headbutt          |     8 |    12 |    51 |    25 ||    96
  Throw: Dart              |       |     3 |     1 |       ||     4
    Use: Potion            |     1 |       |     1 |     1 ||     3
         Scroll            |     5 |     1 |     9 |     7 ||    22
 Armour: Scale mail        |    60 |    63 |    73 |       ||   196
         Chain mail        |       |       |    94 |    81 ||   175
  Dodge: Dodged            |    57 |    43 |   190 |    91 ||   381
  Block: Buckler           |    23 |    14 |    54 |    33 ||   124
